 Dungeon Crawl Stone Soup version 0.31-a0-277-g31ea1f65cc (webtiles) character file.

Game seed: 4181918274307047359

2543 LustLizard the Grappler (level 9, -3/63 HPs)
             Began as an Octopode Shapeshifter on July 15, 2023.
             Was a Priest of Uskayaw.
             Slain by an ice beast (10 damage)
             ... on level 7 of the Dungeon.
             The game lasted 00:10:59 (6083 turns).

LustLizard the Grappler (Octopode Shapeshifter)     Turns: 6083, Time: 00:11:00

Health: -3/63      AC:  1    Str: 17    XL:     9   Next: 55%
Magic:  19/19      EV: 18    Int: 12    God:    Uskayaw [***...]
Gold:   532        SH:  0    Dex: 12    Spells: 8/8 levels left

rFire   + .          .
                       - Unarmed
rCold   . . .        (no shield)
rNeg    + . .        (helmet currently unavailable)
rPois   .            (no amulet)
rElec   .            g - ring of protection from fire
rCorr   .            i - +5 ring of evasion
SInv    .            j - ring of willpower
Will    +....        x - ring of magical power
Stlth   ++           C - ring of positive energy
HPRegen 0.30/turn    (no ring)
MPRegen 0.16/turn    (no ring)
                     (no ring)

%: no passive effects
@: beast-form
A: beast (slay +4), almost no armour, amphibious, 8 rings, camouflage 1,
gelatinous body 1, (nimble swimmer 1), tentacles
a: Begin Untransformation, Renounce Religion, Stomp, Line Pass


You were on level 7 of the Dungeon.
You worshipped Uskayaw.
Uskayaw was noncommittal.
You were a hulking beast.
You visited 2 branches of the dungeon, and saw 8 of its levels.

You collected 532 gold pieces.

Inventory:

Missiles
 l - 6 poisoned darts
Jewellery
 g - a ring of protection from fire (left tentacle)
 i - a +5 ring of evasion (right tentacle)
 j - a ring of willpower (on tentacle)
 x - a ring of magical power (on tentacle)
 C - a ring of positive energy (on tentacle)
Talismans
 b - a beast talisman
 c - a maw talisman
 n - a granite talisman
Wands
 k - a wand of iceblast (11)
 t - a wand of flame (30)
 w - a wand of polymorph (6)
Scrolls
 f - a scroll of enchant armour {unknown}
 h - a scroll of teleportation
 m - a scroll of fog {unknown}
 q - a scroll of enchant weapon {unknown}
 r - a scroll of identify {unknown}
 s - a scroll of immolation {unknown}
 y - a scroll of noise {unknown}
 z - a scroll of blinking {unknown}
 B - a scroll of poison {unknown}
Potions
 a - a potion of lignification
 d - a potion of might {unknown}
 e - a potion of magic {unknown}
 o - 2 potions of attraction {unknown}
 p - 2 potions of mutation {unknown}
 u - a potion of curing
 v - 2 potions of heal wounds {unknown}
 A - a potion of enlightenment {unknown}


   Skills:
 + Level 6.3 Fighting
 - Level 2.0 Dodging
 * Level 8.9 Unarmed Combat
 + Level 2.1 Invocations
 * Level 6.2 Shapeshifting


You had 8 spell levels left.
You didn't know any spells.
Your spell library contained the following spells:

 Spells                   Type           Power      Damage    Failure   Level
 Slow                     Hex            0%         N/A       32%         1
 Confusing Touch          Hex            0%         N/A       69%         3
 Vampiric Draining        Necr           0%         2d6       69%         3


Dungeon Overview and Level Annotations

Branches:
Dungeon (7/15)             Temple (1/1) D:6

Altars:
Cheibriados
Dithmenos
Fedhas
Gozag
Kikubaaqudgha
Okawaru
Qazlal
Sif Muna
Trog
Uskayaw
Vehumet
Xom
Zin
The Shining One


Innate Abilities, Weirdness & Mutations

You are a hulking beast.
Your limbs bulge with bestial killing power. (Slay +4)
You cannot wear most types of armour.
You are amphibious.
You can wear up to eight rings at the same time.
Your skin changes colour to match your surroundings (Stealth+).
Your rubbery body absorbs attacks. (AC +1, EV +1)
((You are camouflaged when in or above water. (Stealth+)))
You have tentacles for arms and can constrict up to eight enemies at once.


Message History

Prince Ribbit blinks!
Unknown command.
You feel less confused.
Prince Ribbit blinks!
Unknown command.
As you read the scroll of teleportation, it crumbles to dust.
You feel strangely unstable. Prince Ribbit closely misses you.
The orc throws a boomerang of dispersal.
The boomerang of dispersal closely misses you.
Something hits you.
You can no longer pass through a line of other dancers.
Unknown command.
You closely miss Prince Ribbit. Your grab misses Prince Ribbit.
You squeeze Prince Ribbit!
Prince Ribbit is severely wounded.
Prince Ribbit completely misses you.
You can now pass through a line of other dancers.
You bludgeon Prince Ribbit! You grab Prince Ribbit. You squeeze Prince Ribbit.
You kill Prince Ribbit!
Something completely misses you.
Uskayaw will force your foes to helplessly watch your dance.
Uskayaw prepares the audience for your solo!
Your Invocations skill increases to level 2!
Your surroundings suddenly seem different.
A gnoll sergeant, 4 gnolls and an ice beast come into view.
Found 23 gold pieces.
The gnoll sergeant shouts!
The gnoll shouts! x3
The gnoll barely misses you.
The gnoll hits you from afar with a +0 spear.
You hear a bark!
The gnoll shouts!
A hound comes into view.
The ice beast hits you. The ice beast freezes you.
* * * LOW HITPOINT WARNING * * *
The gnoll hits you from afar with a +0 spear!
* * * LOW HITPOINT WARNING * * *
The ice beast hits you.
* * * LOW HITPOINT WARNING * * *
The ice beast freezes you!
You die...

.### .# ...## ....
#..# . ...#...####
...
#.h...h..##..... ..
#..$...Y..g...# ..
..#####g.g....# >#
#.g.......######.#
.$.g.....#.........
###.......# #
#..... #.......#
#...z. #.......#
#..<.. #.......#
#.zz..


You could see an ice beast, a gnoll sergeant, a hound and 4 gnolls.

Vanquished Creatures
  Pikel (D:6)
  Prince Ribbit (D:7)
  3 black bears
  2 ogres
  An ice beast (D:5)
  A lemure (D:7)
  A bullfrog (D:4)
  4 scorpions
  A wight (D:6)
  A howler monkey (D:7)
  A jelly (D:4)
  Crazy Yiuf (D:3)
  4 hounds
  3 orc priests
  2 sleepcaps
  Ijyb (D:3)
  Jessica (D:2)
  Terence (D:3)
  3 iguanas
  Natasha (thrice) (D:3)
  2 orc wizards (D:6)
  14 gnolls
  8 adders
  2 white imps (D:5)
  An ufetubus (D:5)
  3 worms
  3 dart slugs (D:3)
  16 orcs
  5 ball pythons
  5 bats
  10 endoplasms
  A giant cockroach (D:1)
  24 goblins (D:3)
  21 hobgoblins
  10 kobolds
  3 quokkas
  A frilled lizard (D:1)
  2 rats (D:1)
167 creatures vanquished.

Notes
Turn   | Place    | Note
-------+----------+-------------------------------------------
     0 | D:1      | LustLizard the Octopode Shapeshifter began the quest for
                  | the Orb.
     0 | D:1      | Reached XP level 1. HP: 14/14 MP: 1/1
   102 | D:1      | You fall into a shaft and drop 1 floor!
   212 | D:1      | Reached XP level 2. HP: 19/19 MP: 2/2
   734 | D:2      | Noticed Jessica
   740 | D:2      | Killed Jessica
   741 | D:2      | Reached skill level 3 in Unarmed Combat
   741 | D:2      | Reached XP level 3. HP: 23/25 MP: 3/3
   881 | D:2      | Reached XP level 4. HP: 30/30 MP: 4/4
  1335 | D:3      | Noticed Terence
  1547 | D:3      | Noticed Natasha
  1556 | D:3      | Noticed Ijyb
  1564 | D:3      | Killed Natasha
  1567 | D:3      | HP: 1/30 [Ijyb/+0 dagger (4)]
  1573 | D:3      | Killed Ijyb
  1574 | D:3      | Reached XP level 5. HP: 3/36 MP: 5/5
  1581 | D:3      | HP: 1/36 [hobgoblin (4)]
  1762 | D:3      | Killed Terence
  1763 | D:3      | Reached skill level 4 in Unarmed Combat
  1886 | D:3      | Noticed Natasha
  1894 | D:3      | Killed Natasha
  2177 | D:3      | Reached XP level 6. HP: 42/42 MP: 6/6
  2264 | D:3      | Noticed Natasha
  2271 | D:3      | Killed Natasha
  2809 | D:3      | Found a runed translucent door.
  2810 | D:3      | Noticed Crazy Yiuf
  2899 | D:3      | Killed Crazy Yiuf
  2900 | D:3      | Reached skill level 5 in Unarmed Combat
  3249 | D:4      | Reached XP level 7. HP: 48/48 MP: 7/7
  3618 | D:4      | Reached skill level 6 in Unarmed Combat
  3913 | D:4      | Reached XP level 8. HP: 33/54 MP: 8/8
  4295 | D:5      | Entered Level 5 of the Dungeon
  4438 | D:5      | Identified the +5 short sword of the Key {heavy, rN+ MP+9
                  | Str+3}
  4682 | D:5      | Reached skill level 5 in Fighting
  4739 | D:5      | Reached skill level 7 in Unarmed Combat
  4739 | D:5      | Reached skill level 5 in Shapeshifting
  5403 | D:6      | Reached skill level 8 in Unarmed Combat
  5403 | D:6      | Reached XP level 9. HP: 53/62 MP: 9/9
  5533 | D:6      | Found a staircase to the Ecumenical Temple.
  5545 | Temple   | Entered the Ecumenical Temple
  5626 | Temple   | Became a worshipper of Uskayaw the Reveller
  5648 | D:6      | Reached * piety under Uskayaw
  5706 | D:6      | Found a glowing golden altar of the Shining One.
  5987 | D:6      | Reached ** piety under Uskayaw
  6016 | D:7      | Noticed Pikel
  6026 | D:7      | Reached *** piety under Uskayaw
  6033 | D:6      | Reached **** piety under Uskayaw
  6035 | D:6      | Killed Pikel
  6036 | D:6      | Reached skill level 1 in Invocations
  6060 | D:7      | Noticed Prince Ribbit
  6079 | D:7      | Killed Prince Ribbit
  6083 | D:7      | Slain by an ice beast

Illustrated notes

Levels and vault maps discovered:
D:1:      psy_arrival_fountain, layout_basic, chequers_serial_rivers_small_3
D:2:      layout_loops_cross, uniq_jessica
D:3:      minmay_goblin_kobold_castle, layout_rooms, uniq_ijyb, uniq_terence,
          uniq_natasha, uniq_crazy_yiuf_cottage
D:4:      layout_basic
D:5:      black_bear_nest_2, layout_cave_pods, serial_column_ruins,
          column_ruins_corridor_straight, column_ruins_open_medium_water,
          column_ruins_columns_straight, column_ruins_columns_straight,
          column_ruins_corridor_plus, minmay_misc_feat_rows,
          minmay_strange_pillars
D:6:      layout_cave_pools, nicolae_tso_swordbearing_angel,
          minmay_temple_entry_drinking_statues
D:7:      layout_rooms, minmay_door_square, fountainhead, uniq_pikel,
          uniq_prince_ribbit1
Temple:   bh_familiar_temple

Skill      XL: |  1  2  3  4  5  6  7  8  9 |
---------------+----------------------------+-----
Unarmed Combat | 3 4 5 6 8 |  8.9
Fighting       | 3 4 5 6 |  6.3
Shapeshifting  | 4 5 6 |  6.2
Invocations    | 2 |  2.1
Dodging        | |  2.0

Action                     |  1- 3 |  4- 6 |  7- 9 || total
---------------------------+-------+-------+-------++-------
  Melee: Unarmed           |    37 |   143 |   162 ||   342
         Tentacles         |     9 |    34 |    41 ||    84
         Constrict         |     7 |    40 |    43 ||    90
         Punch             |       |     4 |    10 ||    14
    Use: Potion            |       |     3 |       ||     3
         Scroll            |       |       |     3 ||     3
   Stab: Sleeping          |     5 |     7 |     5 ||    17
         Distracted        |       |       |     1 ||     1
         Paralysed         |       |       |     1 ||     1
 Armour: Skin              |     1 |     4 |     2 ||     7
  Dodge: Dodged            |    19 |    92 |   123 ||   234

Table legend: (Time is in decaauts)
 A = Elapsed time spent in this place.
 B = Non-inter-level travel time spent in this place.
 C = Inter-level travel time spent in this place.
 D = Time resting spent in this place.
 E = Time spent auto-exploring this place.
 F = Levels seen in this place.
 G = Mean time per level.
                   A        B        C        D        E       F      G
               +--------+--------+--------+--------+--------+-----+--------+
         Total |   6047 |   5828 |    219 |    573 |   4097 |   8 |  755.9 |
       Dungeon |   5947 |   5745 |    202 |    573 |   4023 |   7 |  849.6 |
        Temple |     99 |     82 |     17 |      0 |     74 |   1 |   99.0 |
               +--------+--------+--------+--------+--------+-----+--------+

Top non-repeatable levels by time:
     D:3: 1712 daAuts
     D:4: 1238 daAuts
     D:6: 847 daAuts
     D:5: 765 daAuts
     D:1: 674 daAuts
     D:2: 650 daAuts
  Temple: 99 daAuts
     D:7: 59 daAuts
